[Event "*** Titled Tuesday Blitz"]
[Site "Chess.com"]
[Date "2021.03.30"]
[Round "11"]
[White "Kozok"]
[Black "northridgehawk"]
[Result "1/2-1/2"]
[WhiteElo "2471"]
[BlackElo "2305"]
[TimeControl "180+1"]
[EndTime "12:08:01 PDT"]
[Termination "Game drawn - insufficient material"]

1. e4 e5 2. Nf3 Nc6 3. Nc3 Nf6 4.
d4 exd4 5. Nd5 Be7 6. Nxd4 O-O 7. Bf4 Nxd4 8. Qxd4 d6 9. O-O-O Nxd5 10. exd5 Bf6 11.
Qd3 Bd7 12. f3 a6 13. g4 b5 14. h4 a5 15. g5 Be7 16. Qe4 Re8 17. Bd3 g6 18. Qd4 Bf8 19. h5 Bg7 20. Qf2 a4 21.
hxg6 fxg6 22. Qh4 h5 23. Bxg6 a3 24. Qxh5 Bxb2+ 25. Kb1 Qe7 26. Be3 Qg7 27. Bd4 Bxd4 28.
Rxd4 Ra4 29. Bxe8 Rxd4 30. c3 Rb4+ 31. Kc2 Bf5+ 32. Kd2 Rb2+ 33. Kd1 Rb1+ 34. Kd2 Rxh1 35. Qxh1 Qxg5+ 36. Kd1 Qe3 37. Qg2+ Kf8 38. Bxb5 Qxc3 39. Qg5 Bc2+ 40. Ke2 Qe5+ 41. Qxe5 dxe5 42. Kd2 Bb1 43. Bc4 Ke7 44. Kc3 Kd6 45. Kb4 Bc2 46. Kxa3 Bd1 47. Kb4 Bxf3 48. a4 Bxd5 49. Bxd5 Kxd5 50. Kb5 e4 51. a5 e3 52. a6 e2 53. a7 e1=Q 54. a8=Q+ Kd4 55. Qd8+ Ke3 56. Qe7+ Kd2 57. Qb4+ Ke2 58.
Qe4+ Kd1 59. Qb1+ Ke2 60. Qe4+ Kf1 61. Qxe1+ Kxe1 62. Kc6 Kd2 63. Kc5 Kd3 64. Kd5 Kc3 65. Kc5 Kd3 66. Kd5 Kc3 67. Kc5 Kb3 68. Kb5 Ka3 69. Kc5 Ka4 70. Kc6 Kb3 71. Kc5 Ka4 72.
Kc6 Kb4 73. Kxc7 1/2-1/2

[Event "*** Titled Tuesday Blitz"]
[Site "Chess.com"]
[Date "2021.03.30"]
[Round "11"]
[White "Escanor89"]
[Black "steka121"]
[Result "1/2-1/2"]
[WhiteElo "2567"]
[BlackElo "2421"]
[TimeControl "180+1"]
[EndTime "12:08:02 PDT"]
[Termination "Game drawn by repetition"]

1. Nf3 e6 2. c4 d5 3. d4 Nf6 4.
cxd5 exd5 5. Nc3 c6 6. Qc2 Na6 7. a3 Nc7 8. Bg5 Be7 9. e3 O-O 10. Bd3 h6 11. Bh4 Re8 12. O-O Ne4 13. Bxe7 Qxe7 14.
b4 Bf5 15. Ne5 f6 16. Nf3 a5 17. Rab1 axb4 18. axb4 Ra3 19. Bxe4 Bxe4 20. Nxe4 Qxe4 21. Qxe4 Rxe4 22. Ra1 Rxa1 23. Rxa1 Re8 24. Ra7 Ra8 25. Rxa8+ Nxa8 26. Kf1 Nc7 27. Ne1 Kf7 28. Nd3 b6 29.
Ke2 Ke6 30. f3 g5 31. Kd2 Kd6 32. g4 Ne6 33. h3 Ng7 34. Kc3 h5 35. Nf2 h4 36.
Nd3 Ne6 37. e4 dxe4 38. fxe4 b5 39. Nf2 Nf4 40. Kd2 Ke6 41. Ke3 Kd6 42. Kd2 Ke6 43.
Ke3 Kd6 44. Kf3 Ne6 45. Ke3 Nf4 1/2-1/2

[Event "*** Titled Tuesday Blitz"]
[Site "Chess.com"]
[Date "2021.03.30"]
[Round "11"]
[White "TosicSrecko"]
[Black "m-garcett"]
[Result "0-1"]
[WhiteElo "2303"]
[BlackElo "2162"]
[TimeControl "180+1"]
[EndTime "12:08:03 PDT"]
[Termination "m-garcett won by checkmate"]

1. d4 Nf6 2. Bg5 e6 3. e4 c5 4. e5 h6 5. Bc1 Nd5 6. dxc5 Bxc5 7. Qg4 g6 8. Nf3 Nc6 9. a3 h5 10. Qe4 Qb6 11. Qe2 Nd4 12. Nxd4 Bxd4 13. c4 Ne7 14. Nc3 Bxc3+ 15. bxc3 Qc7 16. Bg5 b6 17. Bf6 Rg8 18. Qd2 Bb7 19. Rd1 Bc6 20. h4 Rc8 21. Rh3 Nf5 22.
Qf4 Qb7 23. Bd3 Bxg2 24. Bxf5 gxf5 25. Re3 Be4 26. Rd4 b5 27. f3 bxc4 28. fxe4 Qb1+ 29.
Kf2 Qg1+ 30. Ke2 Rg2+ 31. Kf3 Qf2# 0-1

[Event "*** Titled Tuesday Blitz"]
[Site "Chess.com"]
[Date "2021.03.30"]
[Round "11"]
[White "woodhy"]
[Black "poneis_malditos"]
[Result "1-0"]
[WhiteElo "2434"]
[BlackElo "2288"]
[TimeControl "180+1"]
[EndTime "12:08:06 PDT"]
[Termination "woodhy won by resignation"]

1. e4 c5 2. Nf3 e6 3. d4 cxd4 4.
Nxd4 a6 5. c4 Nf6 6. Nc3 Qc7 7.
a3 Nxe4 8. Nxe4 Qe5 9. Qd3 d5 10. cxd5 exd5 11. Nf3 Qxe4+ 12. Qxe4+ dxe4 13. Ng5 Bf5 14. Bc4 Bg6 15. Bd5 Nc6 16. Bxe4 Bxe4 17. Nxe4 O-O-O 18.
O-O h6 19. Be3 g5 20. Rac1 Kb8 21. Nc5 Ne5 22. h3 Bg7 23. f4 Nd3 24. Rc2 gxf4 25. Nxd3 fxe3 26. Rxf7 Bd4 27. Kf1 Rhf8 28. Rxf8 Rxf8+ 29. Ke2 h5 30. Rc4 Bb6 31. g4 h4 32. g5 Rg8 33. Rg4 Rg6 34. Ne5 Rd6 35. Nc4 Re6 36.
g6 Bd4 37. g7 Bxg7 38. Rxg7 Re4 39. Rxb7+ Ka8 40. Rb4 Rf4 41. Nb6+ Ka7 42. Rxf4 Kxb6 43. Rxh4 1-0

[Event "*** Titled Tuesday Blitz"]
[Site "Chess.com"]
[Date "2021.03.30"]
[Round "11"]
[White "stepakyedael"]
[Black "aljado"]
[Result "1-0"]
[WhiteElo "2266"]
[BlackElo "2106"]
[TimeControl "180+1"]
[EndTime "12:08:07 PDT"]
[Termination "stepakyedael won by resignation"]

1. d4 d5 2. Nf3 Nf6 3. e3 Bf5 4. c4 c6 5. Nc3 e6 6. Qb3 Qb6 7. c5 Qc7 8. a4 Nbd7 9. a5 Be7 10. a6 b6 11. cxb6 Nxb6 12. Be2 O-O 13. O-O Rab8 14. Qd1 c5 15. Nb5 Qd8 16. Nxa7 Qd7 17. Nb5 c4 18.
Nc3 Ra8 19. Ne5 Qc8 20. a7 Qb7 21. b3 Bd6 22. bxc4 dxc4 23. Bf3 Nfd5 24. Bd2 Rxa7 25. Rxa7 Qxa7 26. e4 Bxe5 27. dxe5 Nxc3 28. Bxc3 Bg6 29. Qd4 Qb7 30. Rb1 Rb8 31. Ba5 Qc6 32. Rxb6 Rxb6 33. Qd8+ 1-0

[Event "*** Titled Tuesday Blitz"]
[Site "Chess.com"]
[Date "2021.03.30"]
[Round "11"]
[White "tandaleo"]
[Black "VD_coach"]
[Result "0-1"]
[WhiteElo "2360"]
[BlackElo "2487"]
[TimeControl "180+1"]
[EndTime "12:08:08 PDT"]
[Termination "VD_coach won by resignation"]

1. Nf3 d5 2. g3 e6 3. Bg2 Nf6 4. O-O Be7 5. d4 O-O 6. c4 c5 7. cxd5 exd5 8. Nc3 Nc6 9. dxc5 Bxc5 10. Bg5 d4 11.
Ne4 Be7 12. Bxf6 Bxf6 13. b4 Nxb4 14. Nxf6+ Qxf6 15. Qxd4 Nc6 16. Qxf6 gxf6 17. Rab1 Rb8 18. Rfc1 Be6 19. a4 Rfd8 20. Ne1 Na5 21. Nd3 b6 22. Nf4 Bd7 23. Rc7 Bxa4 24. Rxa7 Bc2 25. Rc1 Rd1+ 26. Rxd1 Bxd1 27. Bf3 Nc4 28. Nh5 Ne5 29.
Nxf6+ Kg7 30. Nd7 Nxd7 31. Rxd7 Bb3 32. Bd5 Bxd5 33. Rxd5 b5 34. Rd3 b4 35. Rb3 Kf6 36.
f4 Kf5 37. Kf2 Ke4 38. Ke1 Kd4 39. Kd2 Kc4 40. Kc2 Re8 41. e3 Ra8 42. e4 Ra2+ 43.
Rb2 Ra3 44. Kd2 Rd3+ 45. Ke2 Rd4 46. e5 Kc3 47. Rb1 b3 48. Rc1+ Kb2 49. Rc7 Rb4 50.
Kd2 Kb1 51. Kc3 Rb8 52. Rxf7 Kc1 53. Kd3 b2 54. Rc7+ Kd1 55. e6 b1=Q+ 56. Kd4 0-1

[Event "*** Titled Tuesday Blitz"]
[Site "Chess.com"]
[Date "2021.03.30"]
[Round "11"]
[White "Magila31"]
[Black "Rytenko_V"]
[Result "1-0"]
[WhiteElo "2284"]
[BlackElo "2373"]
[TimeControl "180+1"]
[EndTime "12:08:08 PDT"]
[Termination "Magila31 won by resignation"]

1. d4 d5 2. c4 c6 3. Nf3 Nf6 4. Nc3 e6 5. Bg5 Be7 6. e3 O-O 7. Qc2 h6 8. h4 Nbd7 9. O-O-O dxc4 10. Bxc4 Nb6 11. Be2 Nfd5 12. Bxe7 Qxe7 13. g4 Nxc3 14. Qxc3 Nd5 15. Qc2 Bd7 16. g5 h5 17. Ne5 g6 18.
Kb1 Rac8 19. Qc5 Rfd8 20. Qxe7 Nxe7 21. Bf3 Be8 22. Be4 Kg7 23. Rc1 b6 24. a3 c5 25. dxc5 bxc5 26. Rhd1 Rxd1 27. Rxd1 Ba4 28. Rd2 Rc7 29. Ka2 c4 30. Bc2 Bb5 31. a4 Ba6 32. Rd6 Bb7 33. Ka3 c3 34. b4 Bd5 35. Rd7 Rxd7 36. Nxd7 Nc6 37. b5 Ne5 38. Nxe5 1-0

[Event "*** Titled Tuesday Blitz"]
[Site "Chess.com"]
[Date "2021.03.30"]
[Round "11"]
[White "gatocorbis"]
[Black "larisakalinina"]
[Result "1-0"]
[WhiteElo "2099"]
[BlackElo "1971"]
[TimeControl "180+1"]
[EndTime "12:08:08 PDT"]
[Termination "gatocorbis won by resignation"]

1. e4 c5 2. c3 d6 3. Nf3 Nf6 4. Bd3 Nc6 5. O-O g6 6. h3 Bg7 7.
Bc2 e5 8. d3 O-O 9. Be3 Nh5 10.
Qd2 f5 11. Bg5 Qe8 12. Na3 Be6 13. Nb5 Qd7 14. Bh6 f4 15. Bxg7 Kxg7 16. Ng5 Bg8 17. Nf3 a6 18. Na3 b5 19. Bb3 Bxb3 20. axb3 h6 21.
d4 exd4 22. cxd4 Qe7 23. dxc5 dxc5 24. Qd5 Rac8 25. e5 Rfd8 26. Qe4 Nd4 27. Rad1 Nf6 28. exf6+ Qxf6 29. Qb7+ Kg8 30. Nxd4 cxd4 31. Rfe1 Rb8 32. Qe7 Qxe7 33. Rxe7 d3 34. Nb1 b4 35. Nd2 Rbc8 36.
Nc4 Kf8 37. Re4 1-0

[Event "*** Titled Tuesday Blitz"]
[Site "Chess.com"]
[Date "2021.03.30"]
[Round "11"]
[White "PawnEatingZombie"]
[Black "Sofiia_Hryzlova"]
[Result "0-1"]
[WhiteElo "2203"]
[BlackElo "2331"]
[TimeControl "180+1"]
[EndTime "12:08:09 PDT"]
[Termination "Sofiia_Hryzlova won on time"]

1. d4 Nf6 2. c4 e6 3. Nc3 Bb4 4. Qc2 O-O 5. e4 Nc6 6. e5 Ne8 7. Nf3 d6 8. Bd3 f5 9. exf6 Nxf6 10. Bg5 h6 11. Bh4 e5 12. dxe5 dxe5 13. O-O-O Qe7 14.
Nd5 Qf7 15. Bg6 Qe6 16. Nxc7 Qg4 17. Nxa8 e4 18. Bxf6 exf3 19. Bc3 fxg2 20. Rhg1 Bxc3 21.
bxc3 Be6 22. Nc7 Qf4+ 23. Kb2 Qxc7 24. Rxg2 Na5 25. Rdg1 Nxc4+ 26. Ka1 Kh8 27. Bd3 g5 28. Qe2 Ne5 29. Kb2 Qb6+ 30. Kc2 Nxd3 31. Qxd3 Bf5 0-1

[Event "*** Titled Tuesday Blitz"]
[Site "Chess.com"]
[Date "2021.03.30"]
[Round "11"]
[White "BanjoKazooieN64"]
[Black "skeyman"]
[Result "1-0"]
[WhiteElo "2543"]
[BlackElo "2226"]
[TimeControl "180+1"]
[EndTime "12:08:09 PDT"]
[Termination "BanjoKazooieN64 won by checkmate"]

1. e4 c5 2. Nc3 e6 3. f4 Nc6 4. Nf3 d5 5. Bb5 dxe4 6. Nxe4 Nf6 7. Bxc6+ bxc6 8. Nxf6+ gxf6 9. O-O Ba6 10. d3 c4 11.
dxc4 Bxc4 12. Re1 Bc5+ 13. Kh1 Bf2 14. Bd2 Bxe1 15. Qxe1 Bd5 16. Nh4 Rg8 17. b3 c5 18.
Rd1 f5 19. c4 Be4 20. Bc3 Qc7 21. Be5 Qc6 22. Rd2 Rg4 23. h3 Rg8 24. Bf6 e5 25. fxe5 a5 26. Qd1 Qc7 27. Rd6 a4 28. bxa4 Rb8 29. Kh2 Ra8 30. a5 Rb8 31. a6 Ra8 32. a7 Rg6 33. Nxg6 hxg6 34. Qd2 Kf8 35. Qh6+ Ke8 36. Qh8# 1-0

[Event "*** Titled Tuesday Blitz"]
[Site "Chess.com"]
[Date "2021.03.30"]
[Round "11"]
[White "MartinHollan"]
[Black "KNVB"]
[Result "1-0"]
[WhiteElo "2529"]
[BlackElo "2631"]
[TimeControl "180+1"]
[EndTime "12:08:10 PDT"]
[Termination "MartinHollan won on time"]

1. d4 e5 2. dxe5 Nc6 3. Nf3 Qe7 4. Nc3 Nxe5 5. Nd5 Nxf3+ 6. gxf3 Qd8 7. Bf4 d6 8. Qd4 Nf6 9. Rg1 Nxd5 10. Qxd5 Qf6 11. Qe4+ Qe6 12. Qd3 Qf5 13. Qd2 h6 14. e4 Qf6 15.
O-O-O g5 16. Bg3 Bg7 17. e5 Qe6 18. Kb1 O-O 19. exd6 cxd6 20. h4 Qf6 21. c3 Qxf3 22. hxg5 Bf5+ 23. Bd3 h5 24. Qc2 Bxd3 25. Rxd3 Qf5 26.
Rxd6 Qxc2+ 27. Kxc2 Rfe8 28. g6 fxg6 29. Rxg6 Kf7 30.
Rg5 Rh8 31. Rh1 Bf6 32. Rgxh5 Rxh5 33. Rxh5 Kg6 34. Rd5 Re8 35. Rd7 b6 36. Kd3 Re2 37. Kxe2 1-0

[Event "*** Titled Tuesday Blitz"]
[Site "Chess.com"]
[Date "2021.03.30"]
[Round "11"]
[White "shnitez"]
[Black "kidagent"]
[Result "1-0"]
[WhiteElo "2476"]
[BlackElo "2332"]
[TimeControl "180+1"]
[EndTime "12:08:10 PDT"]
[Termination "shnitez won by resignation"]

1. c4 c6 2. Nf3 Nf6 3. Nc3 d5 4. e3 Bf5 5. Qb3 Qb6 6. Qxb6 axb6 7. cxd5 Nxd5 8. Nxd5 cxd5 9. Nd4 Bd7 10. Nb5 Ra5 11. Nc7+ Kd8 12. b4 Kxc7 13. bxa5 bxa5 14. d4 e6 15. Bd2 Nc6 16. Bb5 Bb4 17. Bxc6 Bxd2+ 18. Kxd2 Bxc6 19. a4 Rb8 20. Rhb1 b6 21. f3 f5 22. h3 Bb7 23. Ra3 Ba6 24. Rc1+ Kd6 25. Rb3 Bc4 26. Rb2 Kc6 27. e4 b5 28. axb5+ Rxb5 29. Rxb5 Kxb5 30. exf5 exf5 31. Kc3 a4 32. Re1 a3 33. Re7 g6 34. Rxh7 Bf1 35. g4 fxg4 36. fxg4 a2 37. Ra7 Bxh3 38. g5 Bf5 39. Rxa2 Kc6 40.
Kb4 Be4 41. Ra6+ Kd7 42. Kc5 Ke7 43. Rd6 1-0

[Event "*** Titled Tuesday Blitz"]
[Site "Chess.com"]
[Date "2021.03.30"]
[Round "11"]
[White "Julianos82"]
[Black "rugbyclub"]
[Result "1-0"]
[WhiteElo "2376"]
[BlackElo "2264"]
[TimeControl "180+1"]
[EndTime "12:08:13 PDT"]
[Termination "Julianos82 won by resignation"]

1. d4 Nf6 2. Nf3 g6 3. c4 Bg7 4. Nc3 O-O 5. e4 d6 6. Be2 e5 7. Be3 h6 8. dxe5 dxe5 9. Qxd8 Rxd8 10. Nd5 Nxd5 11. cxd5 c6 12. Rd1 cxd5 13. exd5 Nd7 14. O-O Nb6 15. Bxb6 axb6 16. a3 e4 17. Nd2 f5 18.
Nc4 Bd7 19. Nxb6 Rab8 20. Rd2 Kf7 21. Rc1 Be5 22. d6 Bf4 23. Rdc2 Bxc1 24. Rxc1 Ke6 25.
Rd1 Bc6 26. Bc4+ Ke5 27. d7 f4 28. b4 e3 29. fxe3 fxe3 30. Kf1 Bxd7 31. Nxd7+ Rxd7 32. Rxd7 Rf8+ 33. Ke2 Rf2+ 34. Kxe3 Rxg2 35. Rd5+ Kf6 36.
Rd2 Rg5 37. Rd6+ Ke7 38. Rb6 1-0

[Event "*** Titled Tuesday Blitz"]
[Site "Chess.com"]
[Date "2021.03.30"]
[Round "11"]
[White "Bigfish1995"]
[Black "Iskusnyh"]
[Result "1-0"]
[WhiteElo "2984"]
[BlackElo "2648"]
[TimeControl "180+1"]
[EndTime "12:08:14 PDT"]
[Termination "Bigfish1995 won on time"]

1. g4 d5 2. g5 e5 3. d4 e4 4. c4 h6 5. Nc3 c6 6. g6 fxg6 7. Bf4 Nf6 8. e3 Bd6 9. Nge2 O-O 10.
Qb3 Bxf4 11. Nxf4 g5 12. Ng6 Re8 13. cxd5 cxd5 14. h4 gxh4 15. Rxh4 Nc6 16. Bb5 Bf5 17. Nf4 a6 18. Be2 Na5 19. Qa3 Rc8 20. Kd2 Nc4+ 21. Bxc4 Rxc4 22. Rg1 Kh7 23. Rh2 b5 24. Qxa6 Qa8 25. Qd6 Rxc3 26. Rhg2 Rd3+ 27. Nxd3 exd3 28. Rxg7+ Kh8 29. Qxf6 Qa5+ 30. Kd1 Qa4+ 31. b3 1-0

[Event "*** Titled Tuesday Blitz"]
[Site "Chess.com"]
[Date "2021.03.30"]
[Round "11"]
[White "Witik"]
[Black "Kislov_Oleg"]
[Result "1-0"]
[WhiteElo "2681"]
[BlackElo "2484"]
[TimeControl "180+1"]
[EndTime "12:08:14 PDT"]
[Termination "Witik won by resignation"]

1. e4 c5 2. Nf3 Nc6 3. Bb5 g6 4. O-O Bg7 5. Nc3 d6 6. e5 dxe5 7. Bxc6+ bxc6 8. Re1 f6 9. b3 Nh6 10. Ba3 O-O 11. Bxc5 Nf7 12. d4 Bg4 13. d5 Ng5 14.
dxc6 Qxd1 15. Rexd1 Nxf3+ 16. gxf3 Bxf3 17. Nd5 Kf7 18. Nxe7 Bxd1 19. Rxd1 Rfe8 20. Rd7 Rad8 21. Rxd8 Rxd8 22.
c7 Re8 23. c8=Q Rxc8 24. Nxc8 a6 25. b4 Ke6 26. c4 e4 27. a4 f5 28. b5 axb5 29.
axb5 Be5 30. Na7 h5 31. Nc6 Bf4 32. b6 Kd7 33. Na7 h4 34. Bd4 h3 35. c5 g5 36. c6+ Kd8 37. Bf6+ Ke8 38. c7 1-0

[Event "*** Titled Tuesday Blitz"]
[Site "Chess.com"]
[Date "2021.03.30"]
[Round "11"]
[White "Lion-Al-Messi"]
[Black "vovachesss"]
[Result "0-1"]
[WhiteElo "2504"]
[BlackElo "2652"]
[TimeControl "180+1"]
[EndTime "12:08:15 PDT"]
[Termination "vovachesss won by checkmate"]

1. d4 d5 2. Nf3 Bf5 3. Nc3 e6 4. Bf4 Bd6 5. e3 Bxf4 6. exf4 a6 7. Bd3 Bxd3 8. cxd3 c5 9. dxc5 Qc7 10. O-O Qxf4 11. d4 Nc6 12. Qb3 Qc7 13. Na4 Nf6 14. Nb6 Rd8 15. h3 O-O 16. Rfe1 Ne4 17. a3 f5 18. Qd3 g5 19. b4 g4 20. Nh2 gxh3 21. Qxh3 Nxd4 22.
Rad1 Nc6 23. Nf3 Kh8 24. g3 Rg8 25. Kg2 Rg7 26. Rh1 Rdg8 27. Kf1 Ne5 28. Nd4 Qf7 29.
Nxd5 exd5 30. Nxf5 Nxg3+ 31. fxg3 Rxg3 32. Qh5 Rf3+ 33. Ke1 Rg1+ 34. Ke2 Rg2+ 35. Ke1 Nd3+ 36. Rxd3 Qe6+ 37.
Re3 Rxe3+ 38. Kd1 Rd3+ 39. Kc1 Rc3+ 40. Kb1 Qe4+ 41. Ka1 Rxa3# 0-1

[Event "*** Titled Tuesday Blitz"]
[Site "Chess.com"]
[Date "2021.03.30"]
[Round "11"]
[White "Nayemhaque22"]
[Black "crazyluzhinTh3"]
[Result "1-0"]
[WhiteElo "2410"]
[BlackElo "2514"]
[TimeControl "180+1"]
[EndTime "12:08:15 PDT"]
[Termination "Nayemhaque22 won by resignation"]

1. d4 d6 2. e4 Nf6 3. Bd3 e5 4. c3 d5 5. dxe5 Nxe4 6. Nf3 Nc6 7. Nbd2 Nc5 8. Bc2 Bg4 9. h3 Bh5 10. O-O Ne6 11. Re1 Qd7 12. Nb3 O-O-O 13. Nbd4 Ncxd4 14. cxd4 Bxf3 15. gxf3 g6 16. Kg2 Be7 17. f4 Kb8 18. Qf3 Nxd4 19. Qd3 Nxc2 20. Qxc2 d4 21. Qd3 Qd5+ 22. Re4 Rhe8 23. Bd2 f5 24. exf6 Bxf6 25.
Re1 Rxe4 26. Rxe4 c5 27. b3 Re8 28. f3 Re7 29. Qe2 d3 30. Qe3 Qd7 31. Qxc5 Rf7 32. a4 b6 33. Qc4 Rf8 34. a5 Rc8 35. Qb4 Rc6 36. Kg3 Kb7 37. axb6 Rxb6 38. Qc4 Rc6 39.
Qb5+ Kc7 40. Ba5+ Kc8 41. Bd2 h5 42. h4 Kc7 43. Ba5+ Kc8 44. Bd2 a6 45. Qa4 Kb7 46.
Rb4+ Rb6 47. Rxb6+ Kc8 48. Qxa6+ 1-0

[Event "*** Titled Tuesday Blitz"]
[Site "Chess.com"]
[Date "2021.03.30"]
[Round "11"]
[White "onetowin"]
[Black "LenkaPtacnikova"]
[Result "0-1"]
[WhiteElo "2010"]
[BlackElo "2160"]
[TimeControl "180+1"]
[EndTime "12:08:16 PDT"]
[Termination "LenkaPtacnikova won by resignation"]

1. d4 Nf6 2. Nf3 e6 3. g3 c5 4.
c4 cxd4 5. Bg2 Nc6 6. Nxd4 Bb4+ 7. Bd2 Qa5 8. Nxc6 Bxd2+ 9. Nxd2 dxc6 10. O-O e5 11.
Nb3 Qc7 12. Qd2 O-O 13. Rfd1 Be6 14. Qc3 Rad8 15. c5 Nd5 16. Qc1 h6 17. e4 Nb4 18.
a3 Bxb3 19. Rxd8 Rxd8 20. axb4 Rd1+ 21. Qxd1 Bxd1 22. Rxd1 a5 23. Bh3 axb4 24. Rd7 Qa5 25. Bf5 g6 26. Bh3 Qxc5 27. Rxb7 Qc1+ 28. Kg2 Qxb2 29. Bd7 Qc2 30. Be8 Qxe4+ 31. f3 Qe2+ 32. Kh3 Qxf3 33. Rc7 Qf1+ 34. Kh4 b3 35. Rxc6 b2 0-1

[Event "*** Titled Tuesday Blitz"]
[Site "Chess.com"]
[Date "2021.03.30"]
[Round "11"]
[White "NikolaN98"]
[Black "anasta10"]
[Result "1-0"]
[WhiteElo "2671"]
[BlackElo "2518"]
[TimeControl "180+1"]
[EndTime "12:08:19 PDT"]
[Termination "NikolaN98 won by resignation"]

1. e4 e6 2. f4 d5 3. e5 c5 4. Nf3 Nc6 5. g3 f6 6. exf6 Nxf6 7. Bg2 Bd6 8. O-O O-O 9. Nc3 a6 10. d3 b5 11. a4 b4 12. Ne2 Bb7 13. d4 Qb6 14.
Kh1 a5 15. Be3 Ne4 16. dxc5 Bxc5 17. Bxc5 Qxc5 18. Ned4 Nxd4 19. Qxd4 Rac8 20. Rac1 Rf6 21. Rfe1 Qc6 22. Ne5 Qxa4 23. Qb6 Nc5 24. Ra1 Qxc2 25. Rac1 Qd2 26. Nf3 Qxb2 27. Rxc5 Rxc5 28. Qxc5 Ba6 29.
Qc6 Bc4 30. Qe8+ Rf8 31. Qxe6+ Kh8 32. Ng5 h6 33. Nf7+ Kh7 34. Ne5 Rf6 35. Qe8 Qd2 36.
Rg1 a4 37. Nxc4 dxc4 38. Be4+ 1-0

[Event "*** Titled Tuesday Blitz"]
[Site "Chess.com"]
[Date "2021.03.30"]
[Round "11"]
[White "LionTheLeon_06"]
[Black "scandalgod"]
[Result "0-1"]
[WhiteElo "2659"]
[BlackElo "2505"]
[TimeControl "180+1"]
[EndTime "12:08:19 PDT"]
[Termination "scandalgod won on time"]

1. d4 d5 2. c4 c6 3. Nf3 Nf6 4. Nc3 dxc4 5. a4 Bf5 6. Ne5 e6 7. f3 Bb4 8. e4 Bxe4 9. fxe4 Nxe4 10. Qf3 Qxd4 11. Qxf7+ Kd8 12. Nxc4 Bxc3+ 13. bxc3 Qxc3+ 14. Kd1 Qxa1 15. Bd3 Qd4 16. Ke2 Nd7 17. Bb2 Nc3+ 18.
Kd2 Nc5 19. Qf3 Qxd3+ 20. Qxd3+ Nxd3 21. Bxc3 Nc5 22. Bxg7 Rg8 23. Bf6+ Kc8 24. Ke3 Rxg2 25. Rd1 Nd7 26. Be7 Rg8 27. a5 b6 28. a6 b5 29.
Nd6+ Kc7 30. Nb7 Rae8 31. Bd6+ Kb6 0-1

[Event "*** Titled Tuesday Blitz"]
[Site "Chess.com"]
[Date "2021.03.30"]
[Round "11"]
[White "alexrustemov"]
[Black "MaevskiyNikolay"]
[Result "1-0"]
[WhiteElo "2737"]
[BlackElo "2561"]
[TimeControl "180+1"]
[EndTime "12:08:21 PDT"]
[Termination "alexrustemov won by resignation"]

1. d4 d5 2. c4 Nc6 3. Nf3 Bg4 4.
cxd5 Bxf3 5. gxf3 Qxd5 6. e3 e5 7. Nc3 Bb4 8. Bd2 Bxc3 9. bxc3 Qd6 10. Qb3 O-O-O 11. Qxf7 Nh6 12. Bh3+ Kb8 13. Qe6 exd4 14. Qxd6 Rxd6 15. cxd4 Re8 16. O-O Nf7 17. Bg2 Ng5 18.
f4 Ne4 19. Be1 Rg6 20. Rd1 h5 21. f3 Nd6 22. e4 Nc4 23. Rd3 Rd8 24. d5 h4 25.
Bxh4 Rd7 26. Rc1 Nb4 27. Rd4 Ne3 28. Bg3 Nxa2 29. Ra1 Nc2 30. Rd2 Nxa1 31. Rxa2 Nb3 32. f5 Rb6 33. Kf2 Nc5 34. Ke3 Kc8 35. Kf4 Ra6 36. Rc2 Nd3+ 37. Kg5 c6 38. Bf1 Ra3 39. dxc6 bxc6 40. Rxc6+ Kb7 41. Re6 Nc5 42. Re8 Rxf3 43.
Bg2 Rfd3 44. e5+ Kb6 45. e6 Rd8 46. Rxd8 Rxd8 47. Kg6 Re8 48. Kf7 Rc8 49. e7 1-0

[Event "*** Titled Tuesday Blitz"]
[Site "Chess.com"]
[Date "2021.03.30"]
[Round "11"]
[White "JoliyRoger"]
[Black "Yaryi_sergey"]
[Result "0-1"]
[WhiteElo "2398"]
[BlackElo "2531"]
[TimeControl "180+1"]
[EndTime "12:08:22 PDT"]
[Termination "Yaryi_sergey won on time"]

1. d4 Nf6 2. c4 g6 3. Nc3 d5 4. Nf3 Bg7 5. Bg5 c6 6. e3 Ne4 7.
Bh4 Qa5 8. Qb3 Nxc3 9. bxc3 Na6 10. Be2 Bf6 11. Bxf6 exf6 12. cxd5 cxd5 13. O-O O-O 14. Bxa6 bxa6 15. Qb4 Qc7 16. Rac1 Rb8 17. Qa3 Rb6 18.
Nd2 Be6 19. Nb3 Rfb8 20. Nc5 Qd6 21. Rc2 f5 22. Qc1 Bd7 23. Re1 Bb5 24. f3 Bc4 25.
e4 fxe4 26. fxe4 dxe4 27. Nxe4 Qd5 28. Rf2 f5 29. Nd2 Rb2 30. Nxc4 Rxf2 31. Ne3 Qxa2 32. g3 Rbb2 33. Qa1 Rg2+ 34. Kh1 Rxh2+ 35. Kg1 Rbg2+ 0-1

[Event "*** Titled Tuesday Blitz"]
[Site "Chess.com"]
[Date "2021.03.30"]
[Round "11"]
[White "Tacticus_Severus"]
[Black "Trickster_Pony"]
[Result "1-0"]
[WhiteElo "2065"]
[BlackElo "1534"]
[TimeControl "180+1"]
[EndTime "12:08:23 PDT"]
[Termination "Tacticus_Severus won on time"]

1. e4 c5 2. Nf3 g6 3. d4 cxd4 4.
Nxd4 Bg7 5. Nc3 Nc6 6. Nb3 Nf6 7. Be2 d6 8. O-O O-O 9. Re1 Nd7 10. Bf1 a5 11. a4 Nc5 12. Nxc5 dxc5 13. Be3 Nd4 14. Nb5 Nxb5 15. Bxb5 Bxb2 16. Bxc5 Bxa1 17. Qxa1 f6 18. Qa3 Rf7 19. Bc4 e6 20. h4 Qc7 21.
Bb3 b6 22. Bd6 Qc3 23. Rd1 Bb7 24. Bxe6 Qxa3 25. Bxa3 Bc6 26. Rd6 Bxa4 27. Rxb6 Ra7 28. c4 Kg7 29. Bxf7 Kxf7 30. Bb2 Rc7 31. Rxf6+ Ke7 32. Ra6 Rxc4 33. Rxa5 Rxe4 34. Ra7+ Bd7 35. Ba3+ Ke8 36. Ra8+ Kf7 37. Rf8+ Ke6 38. h5 gxh5 39. Rh8 Re1+ 40. Kh2 Ra1 41. Bc5 Bc6 42. Rxh7 Ra5 43. Be3 Rf5 44. Rh6+ Kd7 45. Kg3 Kc7 46. Bf4+ Kd7 47.
Rh7+ Kc8 48. Rc7+ Kb8 49. Rxc6+ 1-0

[Event "*** Titled Tuesday Blitz"]
[Site "Chess.com"]
[Date "2021.03.30"]
[Round "11"]
[White "Alexander_Zubov"]
[Black "kuli4ik"]
[Result "1-0"]
[WhiteElo "2977"]
[BlackElo "2865"]
[TimeControl "180+1"]
[EndTime "12:08:24 PDT"]
[Termination "Alexander_Zubov won by resignation"]

1. d4 d5 2. c4 c6 3. Nf3 Nf6 4. Qb3 dxc4 5. Qxc4 Qd5 6. Qa4 b5 7. Qd1 b4 8. a3 c5 9. axb4 cxb4 10. e3 a5 11. Nbd2 Ba6 12. Qa4+ Qc6 13. Qxa5 e6 14. Bb5 Bxb5 15. Qxa8 Bd6 16. Qxc6+ Nxc6 17. Ra8+ Bb8 18. Nb3 O-O 19. Nc5 Na7 20. Ne5 h5 21. Bd2 b3 22.
Ba5 Nc6 23. Bc3 Nxe5 24. dxe5 Nd5 25. Bd4 Nb4 26. f3 Rd8 27. Kf2 Bc6 28. Ra3 Bd5 29. Rc1 Nc2 30. Ra6 Rc8 31. h4 Bxe5 32. Bxe5 Rxc5 33. Ra7 f6 34. Bc3 e5 35. e4 Bf7 36.
Rd1 Nd4 37. Bxd4 Rc2+ 38. Kg3 exd4 39. Rxd4 Rxb2 40. Rd8+ Kh7 41. Rxf7 1-0

[Event "*** Titled Tuesday Blitz"]
[Site "Chess.com"]
[Date "2021.03.30"]
[Round "11"]
[White "NiranjanNavalgund"]
[Black "dosto07"]
[Result "1-0"]
[WhiteElo "2502"]
[BlackElo "2409"]
[TimeControl "180+1"]
[EndTime "12:08:24 PDT"]
[Termination "NiranjanNavalgund won on time"]

1. d4 d5 2. Nf3 Nf6 3. c4 dxc4 4. e3 e6 5. Bxc4 c5 6. O-O a6 7. dxc5 Bxc5 8. b3 Nc6 9. Bb2 Qxd1 10. Rxd1 Ke7 11.
a3 Rd8 12. Rxd8 Kxd8 13. b4 Bd6 14. Nc3 Ke7 15. Ng5 Bd7 16. Nce4 Nxe4 17. Nxe4 Be5 18.
Bxe5 Nxe5 19. Be2 Rc8 20. f4 Nc4 21. Kf2 b6 22. a4 a5 23. bxa5 Nxa5 24. Bd3 Bc6 25. Rb1 Rb8 26. Nc5 Kd6 27. Ne4+ Bxe4 28. Bxe4 f5 29. Bf3 Nc4 30. Rb5 Rc8 31. Be2 Rc5 32. Bxc4 Rxc4 33. Rxb6+ Ke7 34. Rb7+ Kf6 35. Ra7 Rc2+ 36. Kf3 Ra2 37. h3 h6 38. g4 Rh2 39.
Kg3 Re2 40. Kf3 Rh2 41. g5+ hxg5 42. fxg5+ Kg6 43. Kg3 Ra2 44. h4 e5 45. Ra6+ Kh5 46. Ra8 Ra3 47. Rh8+ Kg6 48. a5 f4+ 49. Kg4 Rxe3 50.
h5+ Kf7 51. g6+ Ke7 52. Rg8 Rg3+ 53. Kh4 Ra3 54. Rxg7+ Kf6 55. Rf7+ Ke6 56. Rf8 f3 57. g7 f2 58. g8=Q+ 1-0